 Dungeon Crawl Stone Soup version 0.26-a0-1139-g7d2dc893a1 (webtiles) character file.

Game seed: 10186932518988044287

97 sahdkjhfkaj the Slinger (level 5, -4/34 HPs)
             Began as a Halfling Hunter on Dec 21, 2020.
             Splashed by Ijyb's acid (13 damage)
             ... on level 2 of the Dungeon.
             The game lasted 00:01:24 (1683 turns).

sahdkjhfkaj the Slinger (Halfling Hunter)           Turns: 1683, Time: 00:01:24

Health: -4/34      AC: -1    Str: 14    XL:     5   Next: 0%
Magic:  5/5        EV: 14    Int:  9    God:
Gold:   123        SH:  0    Dex: 15    Spells: 4/4 levels left

rFire    . . .     SeeInvis .   a - +1 hunting sling
rCold    . . .     Faith    .   (shield restricted)
rNeg     . . .     Spirit   .   c - +0 leather armour
rPois    .         Reflect  .   (no helmet)
rElec    .         Harm     .   (no cloak)
rCorr    .         Rampage  .   (no gloves)
Will     .....                  (no boots)
Stlth    ++........             (no amulet)
HPRegen  0.11/turn              (no ring)
MPRegen  0.09/turn              (no ring)

@: corroded
A: small, mutation resistance 1
a: no special abilities


You were on level 2 of the Dungeon.
You visited 1 branch of the dungeon, and saw 2 of its levels.

You collected 123 gold pieces.

Inventory:

Hand Weapons
 a - a +1 hunting sling (weapon)
 b - a +0 short sword
Missiles
 d - 30 sling bullets
 g - 49 stones (quivered ammo)
Armour
 c - a +0 leather armour (worn)
Jewellery
 k - an uncursed amulet of reflection {unknown}
 n - a cursed ring of teleportation {unknown}
Scrolls
 e - a scroll of blinking {unknown}
 f - a scroll of magic mapping {unknown}
 h - 4 scrolls of teleportation {unknown}
 i - 2 scrolls of identify {unknown}
 m - a scroll of enchant weapon {unknown}
Potions
 j - a potion of invisibility {unknown}
 l - a potion of haste {unknown}


   Skills:
 - Level 1.7 Fighting
 - Level 2.0 Short Blades
 + Level 8.1 Slings
 - Level 2.1 Dodging
 - Level 1.1 Stealth


You had 4 spell levels left.
You didn't know any spells.
Your spell library was empty.

Dungeon Overview and Level Annotations

Branches:
Dungeon (2/15)

Altars:
Uskayaw

Annotations:
D:2 Ijyb


Innate Abilities, Weirdness & Mutations

You are small and have problems with some larger weapons.
You are somewhat resistant to further mutation.


Message History

You shoot a stone. The stone hits Ijyb but does no damage.
Ijyb is lightly wounded.
You shoot a stone. The stone hits Ijyb.
Ijyb is moderately wounded.
Unknown command.
You shoot a stone. The stone hits Ijyb.
Ijyb is moderately wounded.
You shoot a stone. The stone hits Ijyb.
Ijyb is heavily wounded.
Ijyb barely misses you.
Unknown command.
You shoot a stone. The stone barely misses Ijyb.
The stone hits the goblin.
You kill the goblin!
Ijyb zaps a wand.
The bolt of acid hits you!
Ouch! That really hurt!
* * * LOW HITPOINT WARNING * * *
The acid corrodes you!
You are splashed with acid!
You die...

## #.#.## #.#
.###.#.#
######.########
..##.#.#
#.............#######
#.##.#.#
#.##########........#
..##.#.# #.#
##)#####. .## #. #.#
#.# ## ..#
#.###########.## #.#
#..............# #.#
####@########..# #.#
#g# #..# #.# #)#
####..# #.##### #(#
#.....# #.....# #(#
#.###.# #.###.# #(#
#.# #.# #.# #.# #(#
### ### ##†# #.# #(#
#..# #.# #(#


You could see Ijyb.

Vanquished Creatures
  A bullfrog zombie (D:2)
  Jessica (D:2)
  A worm (D:2)
  A dart slug (D:1)
  2 giant cockroaches (D:2)
  9 goblins
  2 hobgoblins (D:1)
  4 jackals (D:1)
  A kobold (D:2)
  4 bats
  2 frilled lizards
  A quokka zombie (D:2)
  3 rats
32 creatures vanquished.

Notes
Turn   | Place    | Note
-------+----------+-------------------------------------------
     0 | D:1      | sahdkjhfkaj the Halfling Hunter began the quest for the
                  | Orb.
     0 | D:1      | Reached XP level 1. HP: 14/14 MP: 1/1
   112 | D:1      | Reached skill level 1 in Short Blades
   317 | D:1      | Reached XP level 2. HP: 19/19 MP: 2/2
   333 | D:1      | Reached skill level 6 in Slings
   503 | D:1      | You fall into a shaft and drop 1 floor!
  1012 | D:2      | Reached skill level 7 in Slings
  1012 | D:2      | Reached XP level 3. HP: 10/24 MP: 3/3
  1012 | D:2      | Reached XP level 4. HP: 13/29 MP: 4/4
  1285 | D:2      | Found a hide-covered altar of Uskayaw.
  1364 | D:2      | Noticed Jessica
  1367 | D:2      | Killed Jessica
  1596 | D:2      | Reached skill level 8 in Slings
  1660 | D:2      | Noticed Ijyb
  1666 | D:2      | Reached XP level 5. HP: 28/34 MP: 5/5
  1683 | D:2      | Splashed by Ijyb's acid

Illustrated notes

Levels and vault maps discovered:
D:1:      minmay_arrival_loop, layout_loops_ring
D:2:      kennysheep_the_goblin_king, layout_loops_ring,
          nicolae_overflow_hidden_temple, uniq_jessica

Skill      XL: |  1  2  3  4 |
---------------+-------------+-----
Short Blades   | 2 |  2.0
Slings         | 7 8 |  8.1
Fighting       | |  1.7
Dodging        | |  2.1
Stealth        | |  1.1

Action                   |  1- 3 |  4- 6 || total
-------------------------+-------+-------++-------
Melee: Short sword       |    23 |       ||    23
 Fire: Hunting sling     |    31 |    59 ||    90
 Stab: Distracted        |     1 |       ||     1
       Sleeping          |     1 |       ||     1
Armor: Leather armour    |     2 |     4 ||     6
Dodge: Dodged            |    28 |    11 ||    39

Table legend: (Time is in decaauts)
 A = Elapsed time spent in this place.
 B = Non-inter-level travel time spent in this place.
 C = Inter-level travel time spent in this place.
 D = Time resting spent in this place.
 E = Time spent auto-exploring this place.
 F = Levels seen in this place.
 G = Mean time per level.
                   A        B        C        D        E       F      G
               +--------+--------+--------+--------+--------+-----+--------+
         Total |   1670 |   1652 |     18 |    288 |   1147 |   2 |  835.0 |
       Dungeon |   1670 |   1652 |     18 |    288 |   1147 |   2 |  835.0 |
               +--------+--------+--------+--------+--------+-----+--------+

Top non-repeatable levels by time:
     D:1: 958 daAuts
     D:2: 712 daAuts
